Map: Oxide LE

Players

uThermal

  • Race: Terran Terran

PtitDrogo - Winner!

  • Race: Protoss Protoss

Event: DreamHack SC2 Masters 2021 Fall

VOD

Have the link to the VOD?

Description

Time

  • Played on: Aug. 4, 2021, 12:12 p.m.
  • Length: 10:32

All games in this series

Show
View Real Time Build Order
Export as new Build Order

uThermal Terran 

Build Orders:  

Get SALT Encoding   

  12  0:00  SCV  
  13  0:12  SCV  
  14  0:16  Supply Depot  
  14  0:24  SCV  
  15  0:38  SCV  
  15  0:40  Barracks  
  16  0:42  Refinery  
  16  0:50  SCV  
  17  1:02  SCV  
  18  1:14  SCV  
  19  1:27  Marine, Orbital Command  
  20  1:45  Barracks Reactor  
  20  1:51  Command Center  
  20  1:53  SCV  
  21  2:00  Supply Depot  
  21  2:05  SCV  
  22  2:10  Barracks  
  22  2:17  SCV  
  22  2:21  Marine x2  
  25  2:24  Barracks  
  25  2:29  SCV  
  26  2:39  Marine x2  
  26  2:41  SCV  
  29  2:53  SCV  
  29  2:57  Marine  
  31  2:59  Barracks Tech Lab  
  31  3:02  Marine  
  31  3:03  Orbital Command  
  32  3:05  SCV  
  32  3:12  Barracks Tech Lab  
  33  3:15  Marine  
  33  3:17  SCV  
  33  3:18  Marine, Stimpack  
  36  3:20  Marine  
  36  3:23  Supply Depot  
  37  3:29  SCV  
  37  3:30  Marine, SCV  
  37  3:31  Combat Shield  
  40  3:35  Marine x2  
  40  3:38  Marine  
  44  3:41  SCV  
  44  3:42  SCV  
  44  3:47  Supply Depot  
  47  3:48  Marauder  
  47  3:53  SCV  
  48  3:56  Marine  
  48  3:59  Marine, Marauder  
  48  4:00  SCV  
  48  4:02  Engineering Bay  
  51  4:05  SCV  
  54  4:10  Marauder  
  54  4:16  Marine  
  56  4:17  Marine, SCV  
  56  4:18  Supply Depot  
  56  4:20  Marine  
  56  4:22  SCV  
  59  4:26  Bunker  
  59  4:29  Supply Depot, Missile Turret  
  59  4:30  Missile Turret  
  59  4:31  Marauder  
  59  4:34  Marine  
  62  4:39  Marine  
  62  4:43  Factory  
  62  4:45  Refinery  
  63  4:51  Refinery  
  61  4:53  Refinery  
  61  4:56  Marine  
  61  4:57  Marauder  
  60  5:01  Marine  
  60  5:02  Marauder  
  54  5:10  SCV  
  50  5:14  Marine  
  50  5:15  SCV  
  50  5:18  Marine  
  50  5:19  Marine  
  49  5:23  SCV, Marauder  
  49  5:28  SCV  
  50  5:32  Marine  
  50  5:34  Starport  
  52  5:35  SCV  
  52  5:36  Marauder  
  52  5:38  Factory Reactor  
  52  5:39  Marine  
  52  5:42  SCV  
  56  5:44  Marine  
  56  5:45  Concussive Shells  
  56  5:47  SCV  
  58  5:50  Marine  
  58  5:54  SCV  
  58  5:55  Terran Infantry Weapons Level 1  
  60  5:57  Marine, Marauder  
  60  5:59  SCV  
  60  6:03  Marauder  
  66  6:04  Supply Depot  
  66  6:06  SCV  
  66  6:07  Marine  
  68  6:12  SCV  
  68  6:13  Supply Depot  
  68  6:15  Marine  
  68  6:17  Medivac  
  68  6:18  SCV, Medivac  
  74  6:19  Marauder  
  74  6:20  Supply Depot  
  77  6:29  Marine  
  77  6:30  Barracks x2, Marauder  
  77  6:31  Factory Reactor  
  80  6:40  Supply Depot, Marauder  
  82  6:47  Medivac  
  82  6:48  Medivac  
  82  6:49  Marine x2  
  82  6:51  Marauder  
  90  6:55  Supply Depot  
  90  7:01  Marauder  
  90  7:05  Supply Depot  
  90  7:07  Hellion  
  95  7:08  Hellion  
  95  7:09  Marine x2  
  95  7:13  Marauder  
  95  7:14  Armory  
  99  7:18  Medivac  
  100  7:23  Marauder  
  100  7:27  Marine, SCV x2  
  100  7:29  Hellion x2  
  107  7:35  Marine, Marauder  
  107  7:38  Medivac  
  107  7:41  Barracks Tech Lab  
  107  7:42  Barracks Reactor  
  109  7:48  Marine  
  109  7:50  Hellion  
  112  7:52  Hellion  
  112  7:54  Marine  
  112  7:56  Marine  
  116  7:58  Marine  
  116  8:01  Marine  
  118  8:05  Marine  
  118  8:11  Marine  
  120  8:14  Marauder  
  120  8:16  Marine  
  122  8:20  Hellion  
  122  8:21  Hellion  
  126  8:35  Marine  
  126  8:36  Marine x2  
  88  8:57  Marine x2, Marauder x2  
  88  8:59  Medivac  
  83  9:06  Marine  
  83  9:07  Marauder  
  83  9:09  Marine  
  79  9:14  Marine  
  79  9:15  Marine  
  77  9:20  Marine, Hellion  
  70  9:25  Marine  
  69  9:36  Marine x2, Marauder  
  67  9:41  Marine  
  70  9:45  Hellion  
  70  9:47  Marine  
  71  9:54  Hellion  
  71  9:56  Marine  
  71  9:58  Marine  
  71  9:59  Marine x3  
  77  10:09  Hellion  
Show
View Real Time Build Order
Export as new Build Order

PtitDrogo Protoss - Winner!

Build Orders: Blink Stalkers 

Get SALT Encoding   

  12  0:00  Probe  
  13  0:12  Probe  
  14  0:18  Pylon  
  14  0:25  Probe  
  15  0:36  Gateway  
  15  0:38  Probe (Chrono Boost)  
  16  0:47  Assimilator, Probe (Chrono Boost)  
  17  0:52  Probe (Chrono Boost)  
  18  1:04  Probe  
  19  1:16  Probe  
  20  1:23  Cybernetics Core  
  20  1:29  Probe  
  21  1:33  Pylon  
  21  1:48  Nexus  
  21  1:49  Probe  
  21  1:55  Assimilator  
  21  2:00  Adept  
  21  2:01  Probe (Chrono Boost)  
  24  2:05  Warp Gate  
  24  2:10  Probe (Chrono Boost)  
  25  2:17  Probe (Chrono Boost)  
  26  2:25  Gateway  
  26  2:29  Probe (Chrono Boost)  
  27  2:30  Stalker  
  27  2:35  Probe (Chrono Boost)  
  30  2:42  Twilight Council  
  30  2:46  Probe  
  31  3:00  Probe (Chrono Boost)  
  31  3:02  Probe (Chrono Boost)  
  33  3:06  Stalker  
  33  3:11  Blink (Chrono Boost)  
  37  3:12  Probe (Chrono Boost)  
  37  3:15  Probe (Chrono Boost)  
  37  3:17  Probe (Chrono Boost)  
  38  3:23  Pylon, Probe  
  39  3:34  Probe  
  39  3:40  Robotics Facility  
  40  3:44  Probe  
  41  3:59  Stalker x2  
  43  4:03  Probe x2  
  43  4:04  Pylon  
  45  4:10  Nexus  
  45  4:15  Probe x2  
  47  4:22  Pylon  
  47  4:23  Stalker x2  
  51  4:31  Shield Battery  
  51  4:36  Probe x2  
  53  4:46  Stalker x2  
  53  4:48  Probe  
  58  5:06  Probe  
  55  5:12  Stalker x2, Probe  
  56  5:18  Probe  
  56  5:21  Pylon  
  53  5:22  Charge (Chrono Boost), Probe  
  53  5:25  Assimilator x2, Probe  
  53  5:26  Gateway x2  
  55  5:30  Probe  
  55  5:32  Observer (Chrono Boost)  
  55  5:34  Probe  
  55  5:35  Pylon  
  58  5:37  Probe  
  60  5:43  Gateway x2, Probe (Chrono Boost)  
  60  5:46  Probe (Chrono Boost)  
  60  5:47  Shield Battery  
  62  5:53  Probe (Chrono Boost)  
  62  5:54  Warp Prism  
  66  5:58  Templar Archives, Probe (Chrono Boost)  
  66  6:00  Probe (Chrono Boost)  
  67  6:04  Sentry, Probe x2 (Chrono Boost)  
  67  6:05  Zealot  
  67  6:07  Probe (Chrono Boost)  
  67  6:11  Gateway  
  73  6:13  Probe  
  73  6:15  Gateway, Probe  
  75  6:18  Probe  
  75  6:23  Zealot x2  
  80  6:27  Pylon  
  80  6:29  Sentry  
  80  6:30  Sentry, Immortal (Chrono Boost)  
  88  6:36  Observer  
  88  6:46  Zealot x4  
  94  6:50  Pylon  
  94  6:52  Probe x2  
  94  6:54  Gateway, Stalker  
  96  6:55  Stalker  
  100  7:02  Shield Battery  
  100  7:09  Zealot x5  
  100  7:11  Zealot  
  112  7:15  Pylon  
  112  7:17  Pylon  
  112  7:21  Psionic Storm, Zealot x2  
  112  7:22  Probe  
  117  7:26  Probe  
  117  7:28  Probe  
  115  7:32  Immortal  
  117  7:41  Assimilator  
  117  7:43  Assimilator  
  113  7:46  High Templar x2  
  113  7:47  Zealot x3  
  113  7:48  Zealot x2  
  113  7:50  Shield Battery  
  127  8:00  High Templar  
  127  8:04  Forge x2  
  129  8:15  Zealot x2  
  129  8:18  High Templar x2  
  131  8:21  Zealot  
  129  8:28  Zealot x2  
  121  8:42  Zealot x4  
  111  8:49  Zealot x2  
  105  8:55  Zealot x2  
  105  8:58  Archon x2  
  95  9:04  Zealot x4  
  95  9:10  High Templar, Stalker  
  95  9:11  Stalker  
  99  9:18  Archon  
  99  9:20  Zealot x2  
  87  9:25  Zealot x4  
  87  9:26  Immortal  
  95  9:36  Stalker x2  
  95  9:43  High Templar x3  
  95  9:45  High Templar  
  103  9:48  Archon  
  103  9:49  Archon, Zealot x3  
  109  9:59  Sentry, Stalker  
  109  10:13  Zealot x3  
  109  10:20  Stalker x4  
  109  10:27  Stalker x2  

Tags
 
Add a new tag
Caveats
  • Supply blocks, unpowered buildings, or Contaminate may cause inaccurate times.
  • Supply counts are checked every 10 seconds.